 Dungeon Crawl Stone Soup version 0.31-a0-441-g867994ef1c (webtiles) character file.

Game seed: 2410220233826445122

51 redmage the Slasher (level 4, 0/36 HPs)
             Began as a Meteoran Warper on Aug 2, 2023.
             Slain by a jackal (2 damage)
             ... on level 3 of the Dungeon.
             The game lasted 00:05:11 (254 turns).

redmage the Slasher (Meteoran Warper)                Turns: 254, Time: 00:05:11

Health: 0/36       AC:  4    Str: 13    XL:     4   Next: 25%
Magic:  9/9        EV: 12    Int: 14    God:
Gold:   40         SH:  0    Dex: 15    Spells: 7/9 levels left

rFire   + . .        a - +0 falchion
rCold   + . .        (no shield)
rNeg    . . .        b - +0 leather armour
rPois   +            (no helmet)
rElec   +            (no cloak)
rCorr   +            i - +0 pair of gloves
SInv    .            (no boots)
Will    .....        (no amulet)
Stlth   +            (no ring)
HPRegen 0.26/turn    (no ring)
MPRegen 0.11/turn

%: no passive effects
@: mighty, brilliant, resistant, glowing
A: sense surroundings 1, otherworldly, glowing, explore regen
a: no special abilities


You were on level 3 of the Dungeon.
You visited 1 branch of the dungeon, and saw 3 of its levels.

You collected 40 gold pieces.

Inventory:

Hand Weapons
 a - a +0 falchion (weapon)
Missiles
 d - 7 darts of dispersal (quivered)
 k - 4 poisoned darts
Armour
 b - a +0 leather armour (worn)
 i - a +0 pair of gloves (worn)
Talismans
 f - a talisman of death
Scrolls
 c - a scroll of blinking
Potions
 g - 2 potions of resistance


   Skills:
 - Level 2.1 Fighting
 * Level 4.4 Long Blades
 - Level 1.2 Throwing
 - Level 1.2 Armour
 - Level 2.4 Dodging
 - Level 3.0 Spellcasting
 - Level 4.0 Translocations


You had 7 spell levels left.
You knew the following spells:

 Your Spells              Type           Power      Damage    Failure   Level
a - Blink                 Tloc           38%        N/A       8%          2

Your spell library contained the following spells:

 Spells                   Type           Power      Damage    Failure   Level
 Lesser Beckoning         Tloc           38%        N/A       8%          2
 Teleport Other           Tloc           19%        N/A       16%         3
 Vhi's Electric Charge    Tloc/Air       22%        N/A       34%         3
 Manifold Assault         Tloc           19%        N/A       45%         4
 Haunt                    Necr/Summ      1%         N/A       100%        7
 Borgnjor's Revivificati  Necr           1%         N/A       100%        8
 Death's Door             Necr           1%         N/A       100%        9


Dungeon Overview and Level Annotations

Branches:
Dungeon (3/15) Zot: 1534

Altars:


Innate Abilities, Weirdness & Mutations

You passively map a small area around you.
You are easily found by Zot.
You glow in the dark.
You regain HP and MP as you explore.


Message History

The jackal completely misses you. The jackal barely misses you.
The orc wizard hits you but does no damage.
It was a potion of brilliance.
You feel clever all of a sudden. The jackal barely misses you.
The orc wizard hits you with a +0 dagger.
You bump into the rock wall.
The jackal barely misses you. The orc wizard casts a spell at you.
The magic dart hits you!
* * * LOW HITPOINT WARNING * * *
Unknown command.
You slash the orc wizard!
You kill the orc wizard!
You feel less confused.
The jackal bites you but does no damage. x2
Your Long Blades skill increases to level 4!
You have reached level 4!
You barely miss the orc. The jackal bites you.
* * * LOW HITPOINT WARNING * * *
The orc completely misses you. The jackal bites you.
* * * LOW HITPOINT WARNING * * *
Unknown command.
You slash the orc!
You kill the orc!
The jackal bites you.
* * * LOW HITPOINT WARNING * * *
Unknown command.
Unknown command.
You hit the orc.
The orc is moderately wounded.
The jackal bites you.
* * * LOW HITPOINT WARNING * * *
The orc hits you with a +0 hand axe.
* * * LOW HITPOINT WARNING * * *
The jackal closely misses you.
Unknown command.
You slash the orc!
You kill the orc!
The jackal bites you.
You die...

#.###..# #.##
#......#* >,
.... #####.##
, ..#. ##.##
, ..~,
###...# ,
.#≈~~
#...#.####..
≈
#.#........h.
.
#h####o#####.
. #@#** .#* ,
#.)...... ,
######...,, *
*.## * , .. *
* , *,* *


You could see a jackal.

Vanquished Creatures
  An orc wizard (D:3)
  A worm (D:3)
  A dart slug (D:1)
  3 orcs (D:3)
  An endoplasm (D:3)
  3 giant cockroaches (D:1)
  A goblin (D:2)
  4 jackals (D:3)
  2 bats
  2 rats (D:1)
19 creatures vanquished.

Notes
Turn   | Place    | Note
-------+----------+-------------------------------------------
     0 | D:1      | redmage the Meteoran Warper began the quest for the Orb.
     0 | D:1      | Reached XP level 1. HP: 17/17 MP: 5/5
    94 | D:1      | Reached XP level 2. HP: 24/24 MP: 6/6
   102 | D:1      | Learned a level 2 spell: Blink
   180 | D:3      | Reached XP level 3. HP: 23/29 MP: 8/8
   251 | D:3      | Reached XP level 4. HP: 7/36 MP: 9/9
   254 | D:3      | Slain by a jackal

Illustrated notes

Levels and vault maps discovered:
D:1:      orjb1_lava_funnel, layout_rooms
D:2:      layout_loops_cross, shapermc_ecumenical_altar_totnotflames,
          serial_glass, glass_columns_a, glass_columns_a
D:3:      layout_loops_cross, lemuel_crystal_altar, serial_rivers,
          chequers_serial_rivers_room_a, chequers_serial_rivers_large_a,
          chequers_serial_rivers_small_b, chequers_serial_rivers_small_a,
          chequers_serial_rivers_room_b, chequers_serial_rivers_room_a,
          nicolae_the_louvre

Skill      XL: |  1  2  3 |
---------------+----------+-----
Long Blades    | 3 4 |  4.4
Spellcasting   | 3 |  3.0
Translocations | 4 |  4.0
Fighting       | |  2.1
Throwing       | |  1.2
Armour         | |  1.2
Dodging        | |  2.4

Action                     |  1- 3 |  4- 6 || total
---------------------------+-------+-------++-------
  Melee: Falchion          |    73 |     4 ||    77
         Punch             |     1 |       ||     1
    Use: Potion            |     4 |       ||     4
 Armour: Leather armour    |    47 |       ||    47
  Dodge: Dodged            |    50 |     2 ||    52

Table legend: (Time is in decaauts)
 A = Elapsed time spent in this place.
 B = Non-inter-level travel time spent in this place.
 C = Inter-level travel time spent in this place.
 D = Time resting spent in this place.
 E = Time spent auto-exploring this place.
 F = Levels seen in this place.
 G = Mean time per level.
                   A        B        C        D        E       F      G
               +--------+--------+--------+--------+--------+-----+--------+
         Total |    264 |    264 |      0 |      0 |      0 |   3 |   88.0 |
       Dungeon |    264 |    264 |      0 |      0 |      0 |   3 |   88.0 |
               +--------+--------+--------+--------+--------+-----+--------+

Top non-repeatable levels by time:
     D:1: 127 daAuts
     D:3: 118 daAuts
     D:2: 18 daAuts
